 Dungeon Crawl Stone Soup version 0.21.1-1-g345015f (webtiles) character file.

1094 suicidejoker the Covert (level 8, -3/52 HPs)
             Began as an Octopode Assassin on Apr 13, 2018.
             Shot with an arrow by a centaur (12 damage)
             ... on level 6 of the Dungeon.
             The game lasted 00:13:43 (4903 turns).

suicidejoker the Covert (Octopode Assassin)         Turns: 4903, Time: 00:13:44

Health: -3/52      AC:  1    Str: 11 (12) XL:     8   Next: 31%
Magic:  10/11      EV: 13    Int: 12 (13) God:
Gold:   30         SH:  0    Dex: 13 (14) Spells: 11/11 levels left

rFire    + . .     SeeInvis .   a - +4 dagger
rCold    + . .     Gourm    .   (no shield)
rNeg     . . .     Faith    .   (helmet restricted)
rPois    +         Spirit   .   (no amulet)
rElec    +         Reflect  .   (no ring)
rCorr    +         Harm     .   (no ring)
MR       .....                  (no ring)
Stlth    ++++++....             (no ring)
HPRegen  0.17/turn              (no ring)
MPRegen  0.12/turn              (no ring)
                                (no ring)
                                (no ring)

@: resistant, drained
A: almost no armour, stealthy swim, amphibious, 8 rings, constrict 8, camouflage
1, gelatinous body 1
a: no special abilities


You were on level 6 of the Dungeon.
You were very hungry.

You visited 1 branch of the dungeon, and saw 6 of its levels.

You collected 195 gold pieces.
You spent 165 gold pieces at shops.

Inventory:

Hand Weapons
 a - a +4 dagger (weapon)
 b - a +0 blowgun
 e - a +1 flail of pain
 g - a +1 short sword of venom
 l - a +0 shortbow
Missiles
 c - 14 poisoned needles
 d - 2 curare-tipped needles
 m - 95 stones (quivered)
 o - 17 bolts
 s - 50 arrows
Jewellery
 j - an uncursed amulet of harm
Wands
 q - a wand of iceblast (8)
Scrolls
 i - a scroll of identify
 k - 2 scrolls of magic mapping
 n - a scroll of teleportation
 p - a scroll of random uselessness {unknown}
Potions
 h - a potion of curing
Comestibles
 f - 13 rations


   Skills:
 + Level 3.1(2.5) Fighting
 + Level 3.1(2.4) Short Blades
 - Level 2.0(1.3) Throwing
 + Level 2.5(1.9) Dodging
 + Level 11.8(11.0) Stealth
 + Level 2.0(1.3) Spellcasting
 + Level 2.2(1.5) Evocations


You had 11 spell levels left.
You didn't know any spells.

Dungeon Overview and Level Annotations

Branches:
Dungeon (6/15)
 Temple: D:4-7

Altars:
Cheibriados
Dithmenos
Elyvilon
Fedhas
Makhleb
Nemelex Xobeh
Ru
Vehumet
Yredelemnul
Zin

Shops:
D:5 *   D:6 *}


Innate Abilities, Weirdness & Mutations

You cannot wear most types of armour.
You are very stealthy in the water. (Stealth+)
You are amphibious.
You can wear up to eight rings at the same time.
You can use your tentacles to constrict eight enemies at once.
Your skin changes colour to match your surroundings (Stealth+).
Your rubbery body absorbs attacks. (AC +1, EV +1)


Message History

You hit the gnoll.
The gnoll is heavily wounded.
You constrict the gnoll. The gnoll hits you with a flail!
You hit the gnoll.
The gnoll is almost dead.
You constrict the gnoll.
You kill the gnoll!
The centaur shoots an arrow.
The arrow hits you!
* * * LOW HITPOINT WARNING * * *
A jackal comes into view.
The jackal barks!
Evoke which item? (* to show all) (? for menu, Esc to quit)
Aiming: Iceblast
Press: ? - help, Shift-Dir - straight line, f - centaur
Aim: a centaur, wielding a shortbow (moderately wounded)
The mass of ice explodes!
The iceblast engulfs the centaur.
The centaur is heavily wounded.
You hear a bark!
The centaur shoots an arrow.
The arrow hits you!
You die...

#........##....
#........# ...
#........# .
#........#
#........#
#........#
#........#
#...>....######
#........∩@)c.#
############)..(.#
..$.... ..h..(g
....... .......
....... ....###


You could see a centaur and a jackal.

Vanquished Creatures
  Edmund (D:5)
  An ogre (D:6)
  A phantom (D:5)
  A centaur (D:5)
  A gnoll sergeant (D:6)
  2 scorpions (D:5)
  2 crimson imps
  A bullfrog zombie (D:5)
  A jelly (D:5)
  3 orc wizards
  3 hounds
  3 worker ants (D:5)
  A hound skeleton (D:6)
  3 gnolls (D:6)
  4 adders (D:2)
  2 adder zombies (D:5)
  2 worms (D:3)
  3 dart slugs (D:1)
  A leopard gecko (D:1)
  19 orcs
  2 ball pythons
  5 bats
  3 giant cockroaches
  5 hobgoblins
  3 quokkas
  A ball python skeleton (D:4)
  6 frilled lizards
  7 goblins
  9 kobolds
  A leopard gecko skeleton (D:4)
  A quokka skeleton (D:4)
  A rat (D:3)
99 creatures vanquished.

Vanquished Creatures (others)
  A quokka (D:4)
1 creature vanquished.

Grand Total: 100 creatures vanquished

Notes
Turn   | Place    | Note
-------+----------+-------------------------------------------
     0 | D:1      | suicidejoker the Octopode Assassin began the quest for the Orb.
     0 | D:1      | Reached XP level 1. HP: 14/14 MP: 1/1
   179 | D:1      | Reached skill level 6 in Stealth
   179 | D:1      | Reached XP level 2. HP: 19/19 MP: 2/2
   392 | D:1      | Reached XP level 3. HP: 24/24 MP: 3/3
   811 | D:2      | Reached skill level 7 in Stealth
   867 | D:2      | Found a sacrificial altar of Ru.
   935 | D:2      | Found a burning altar of Makhleb.
   935 | D:2      | Found a blossoming altar of Fedhas.
   946 | D:2      | Reached XP level 4. HP: 26/29 MP: 4/4
  1518 | D:3      | Reached skill level 8 in Stealth
  1812 | D:3      | Found a snail-covered altar of Cheibriados.
  1812 | D:3      | Found a sparkling altar of Nemelex Xobeh.
  1826 | D:3      | Found a shadowy altar of Dithmenos.
  1830 | D:3      | Found a basalt altar of Yredelemnul.
  1832 | D:3      | Found a radiant altar of Vehumet.
  2395 | D:4      | Reached XP level 5. HP: 28/34 MP: 5/5
  2399 | D:4      | Reached skill level 9 in Stealth
  2553 | D:4      | Found a white marble altar of Elyvilon.
  2716 | D:5      | Entered Level 5 of the Dungeon
  2812 | D:5      | Noticed a phantom
  2910 | D:5      | Reached XP level 6. HP: 39/39 MP: 6/6
  2913 | D:5      | Reached skill level 10 in Stealth
  3174 | D:5      | Killed a phantom
  3212 | D:5      | Noticed Edmund
  3236 | D:5      | Killed Edmund
  3236 | D:5      | Reached skill level 11 in Stealth
  3236 | D:5      | Reached XP level 7. HP: 38/45 MP: 7/7
  3250 | D:5      | Found Hocon's General Store.
  3283 | D:5      | Reached skill level 1 in Evocations
  3572 | D:5      | Reached skill level 1 in Spellcasting
  4319 | D:5      | Reached XP level 8. HP: 43/51 MP: 10/10
  4768 | D:6      | Found Zin's Purification Station.
  4768 | D:6      | Found a glowing silver altar of Zin.
  4859 | D:6      | Found Gayhung's Gadget Shoppe.
  4882 | D:6      | Bought a wand of iceblast (11) for 165 gold pieces
  4903 | D:6      | Shot with an arrow by a centaur

Skill      XL: |  1  2  3  4  5  6  7  8 |
---------------+-------------------------+-----
Stealth        | 6 7 8 9 11 | 11.8
Evocations     | 2 |  2.2
Spellcasting   | 1 2 |  2.0
Dodging        | 2 |  2.5
Fighting       | 3 |  3.1
Short Blades   | 3 |  3.1
Throwing       | |  2.0

Action                   |  1- 3 |  4- 6 |  7- 9 || total
-------------------------+-------+-------+-------++-------
Melee: Dagger            |    52 |    78 |    77 ||   207
       Constrict         |    17 |    11 |    12 ||    40
       Tentacles         |    10 |     9 |    11 ||    30
Throw: Stone             |       |       |     9 ||     9
Evoke: Wand              |       |    17 |     5 ||    22
  Use: Scroll            |       |    12 |       ||    12
       Potion            |       |     2 |     7 ||     9
 Stab: Sleeping          |     9 |    20 |     8 ||    37
       Distracted        |       |       |     1 ||     1
       Invisible         |       |       |     1 ||     1
  Eat: Chunk             |       |     7 |     4 ||    11
Armor: Skin              |     2 |     3 |     3 ||     8
Dodge: Dodged            |    27 |    26 |    39 ||    92
